 Dungeon Crawl Stone Soup version 0.20.1-1-g8b1a95d (webtiles) character file.

401 Linguinho the Sneak (level 6, -20/46 HPs)
             Began as a Demonspawn Assassin on Oct 30, 2017.
             Was a Follower of Ashenzari.
             Killed from afar by Purgy (35 damage)
             ... with an exploding inner flame
             ... hexed by the player character
             ... in a sewer.
             The game lasted 00:14:15 (4196 turns).

Linguinho the Sneak (Demonspawn Assassin)           Turns: 4196, Time: 00:14:16

Health: -20/46     AC:  5    Str: 19    XL:     6   Next: 54%
Magic:  6/6        EV: 13    Int: 12    God:    Ashenzari [*.....]
Gold:   248        SH:  0    Dex: 14    Spells: 5/5 levels left

rFire    . . .     SeeInvis .   a - +3 dagger (curse)
rCold    . . .     Gourm    .   (no shield)
rNeg     . . .     Faith    .   c - +0 robe
rPois    +         Spirit   .   (helmet restricted)
rElec    .         Reflect  .   d - +0 cloak
rCorr    .         Harm     .   (no gloves)
MR       .....                  (no boots)
Stlth    +++.......             (no amulet)
Regen    0.2/turn               m - ring of poison resistance
MPRegen  0.1/turn               (no ring)

@: mighty
A: horns 1, thin metallic scales 1, powered by pain 1
a: Curse Item, Scrying, Renounce Religion


You were in a sewer.
You worshipped Ashenzari.
Ashenzari was aware of your devotion.
You were very hungry.

You visited 1 branch of the dungeon, and saw 4 of its levels.
You also visited: Sewer.

You collected 248 gold pieces.

Inventory:

Hand Weapons
 a - a cursed +3 dagger (weapon)
 b - a +0 blowgun
Missiles
 e - 8 poisoned needles
 f - 2 curare-tipped needles
Armour
 c - a +0 robe (worn)
 d - a +0 cloak (worn)
 q - a +0 leather armour
Jewellery
 m - a ring of poison resistance (left hand)
 x - an uncursed ring of see invisible
Scrolls
 i - 3 scrolls of remove curse
 n - a scroll of fear {unknown}
 r - 3 scrolls of teleportation
 s - 2 scrolls of identify
 u - a scroll of magic mapping {unknown}
Potions
 j - a potion of ambrosia {unknown}
 k - a potion of lignification {unknown}
 p - a potion of flight
 t - a potion of haste {unknown}
 v - a potion of resistance {unknown}
 w - a potion of curing {unknown}
 z - 3 potions of mutation {unknown}
Comestibles
 g - 3 bread rations
 h - a meat ration


   Skills:
 + Level 2.9 Fighting
 + Level 3.7 Short Blades
 + Level 1.9 Throwing
 + Level 2.4 Dodging
 * Level 5.7 Stealth


You had 5 spell levels left.
You didn't know any spells.

Dungeon Overview and Level Annotations

Branches:
Dungeon (4/15)
 Temple: D:4-7

Altars:
Ashenzari
The Shining One


Innate Abilities, Weirdness & Mutations

You have a pair of small horns on your head.
You are partially covered in thin metallic scales. (AC +2)
You sometimes gain a little power by taking damage.


Message History

Purgy closely misses you. Purgy claws you but does no damage. Purgy misses you.
You miss Purgy.
Purgy is heavily wounded.
Purgy bites you. Purgy claws you. Purgy barely misses you.
You closely miss Purgy.
Purgy is moderately wounded.
Purgy bites you. Purgy claws you but does no damage. x2
You puncture Purgy!
Purgy is heavily wounded.
Purgy bites you. Purgy claws you but does no damage. Purgy claws you.
You closely miss Purgy. Your headbutt misses Purgy.
Purgy is heavily wounded.
Purgy barely misses you. Purgy claws you. Purgy closely misses you.
You hit Purgy.
Purgy is severely wounded.
You puncture Purgy! You headbutt Purgy.
Purgy explodes!
The fiery explosion engulfs you!
Ouch! That really hurt!
You die...

######### ## #.##.##.# .#
#.##†##.# §#
##+##+##'##'##'##§#
................@.#######
≈≈≈≈≈≈≈≈.≈≈≈≈≈≈≈≈≈#≈≈≈≈≈≈
≈≈≈≈≈≈≈≈∩≈≈≈≈≈≈≈≈≈#≈≈≈≈≈≈
≈≈≈≈≈≈≈≈.≈≈≈≈≈≈≈≈≈#≈≈≈≈≈≈
..................#######
##†##'##.##'##'##'#
##.##.##.##.##.##.#
##.##.##∩##.##!##.#
###################


There were no monsters in sight!

Vanquished Creatures
  The ghost of Linguinho the Sneak, an amateur DsAs (D:3)
  A centaur zombie (D:3)
  A centaur skeleton (D:4)
  Natasha (D:3)
  8 adders
  3 gnolls (D:2)
  2 oozes
  2 worms
  2 dart slugs (D:1)
  4 leopard geckos
  6 giant cockroaches
  3 goblins
  10 hobgoblins
  4 jackals (D:2)
  3 quokkas
  2 ball pythons
  7 bats
  4 frilled lizards
  9 kobolds
  8 rats
81 creatures vanquished.

Notes
Turn   | Place    | Note
-------+----------+-------------------------------------------
     0 | D:1      | Linguinho the Demonspawn Assassin began the quest for the Orb.
     0 | D:1      | Reached XP level 1. HP: 16/16 MP: 1/1
    44 | D:1      | Found a shattered altar of Ashenzari.
    49 | D:1      | Became a worshipper of Ashenzari the Shackled
   117 | D:1      | Reached skill level 4 in Stealth
   129 | D:1      | Gained mutation: You are partially covered in thin metallic scales. (AC +2) [demonic ancestry]
   129 | D:1      | Reached XP level 2. HP: 19/22 MP: 2/2
   741 | D:2      | Gained mutation: You sometimes gain a little power by taking damage. [demonic ancestry]
   741 | D:2      | Reached XP level 3. HP: 27/27 MP: 3/3
   789 | D:2      | HP: 1/27 [poisoned by an adder]
  1094 | D:1      | Reached XP level 4. HP: 18/33 MP: 4/4
  1264 | D:2      | Reached skill level 1 in Dodging
  1944 | D:2      | Reached * piety under Ashenzari
  2341 | D:3      | Noticed Linguinho's ghost (amateur DsAs)
  2793 | D:3      | Noticed Natasha
  2820 | D:3      | Gained mutation: You have a pair of small horns on your head. [demonic ancestry]
  2820 | D:3      | Reached XP level 5. HP: 37/39 MP: 5/5
  2821 | D:3      | Found a glowing golden altar of the Shining One.
  3134 | D:3      | Reached skill level 5 in Stealth
  3260 | D:3      | Killed Linguinho's ghost
  3260 | D:3      | Reached XP level 6. HP: 42/46 MP: 6/6
  3659 | D:3      | Killed Natasha
  3811 | D:4      | Found a glowing drain.
  3836 | Sewer    | Entered a sewer
  4180 | Sewer    | Noticed Purgy
  4196 | Sewer    | Killed Purgy
  4196 | Sewer    | Killed from afar by Purgy

Skill      XL: |  1  2  3  4  5 |
---------------+----------------+-----
Stealth        | 4 5 |  5.7
Short Blades   | 2 3 |  3.7
Dodging        | 1 2 |  2.4
Fighting       | |  2.9
Throwing       | |  1.9

Action                   |  1- 3 |  4- 6 || total
-------------------------+-------+-------++-------
Melee: Dagger            |    83 |   233 ||   316
       Headbutt          |       |    16 ||    16
Invok: Curse Item        |     1 |       ||     1
  Use: Potion            |     1 |     3 ||     4
       Scroll            |       |     5 ||     5
 Stab: Sleeping          |     7 |    13 ||    20
       Distracted        |       |     1 ||     1
  Eat: Chunk             |       |     5 ||     5
       Bread ration      |       |     1 ||     1
Armor: Robe              |    19 |    81 ||   100
Dodge: Dodged            |    42 |   162 ||   204
